 Dungeon Crawl Stone Soup version 0.26-a0-597-gb535b0901c (webtiles) character file.

Game seed: 14882631619245377220

495 Lanoc the Charlatan (level 6, -9/59 HPs)
             Began as a Troll Artificer on Sept 12, 2020.
             Mangled by an orc warrior
             ... wielding a +0 scimitar
              (22 damage)
             ... on level 5 of the Dungeon.
             The game lasted 00:04:41 (2402 turns).

Lanoc the Charlatan (Troll Artificer)               Turns: 2402, Time: 00:04:42

Health: -9/59      AC:  6    Str: 21    XL:     6   Next: 92%
Magic:  5/5        EV: 11    Int: 13    God:
Gold:   194        SH:  0    Dex: 12    Spells: 5/5 levels left

rFire    x . .     SeeInvis .   x - +4 dagger of the Piercing Dove {vorpal, rElec rF- rC+++ rN+}
rCold    + + +     Faith    .   (no shield)
rNeg     + . .     Spirit   .   b - +0 robe
rPois    .         Reflect  .   (helmet restricted)
rElec    +         Harm     .   (no cloak)
rCorr    .                      (gloves unavailable)
MR       .....                  (boots unavailable)
Stlth    +.........             (no amulet)
HPRegen  0.59/turn              s - +6 ring of intelligence
MPRegen  0.09/turn              v - ring of protection from cold

@: no status effects
A: large, unfitting armour, claws 3, regeneration 1, shaggy fur 1, tough skin 3
a: no special abilities


You were on level 5 of the Dungeon.
You visited 1 branch of the dungeon, and saw 5 of its levels.

You collected 194 gold pieces.

Inventory:

Hand Weapons
 x - the +4 dagger of the Piercing Dove (weapon) {vorpal, rElec rF- rC+++ rN+}
   (You found it on level 5 of the Dungeon)

   It inflicts extra damage upon your enemies.
   It makes you vulnerable to fire.
   It renders you almost immune to cold.
   It insulates you from electricity.
   It protects you from negative energy.
Armour
 b - a +0 robe (worn)
Jewellery
 s - a +6 ring of intelligence (left claw)
 v - a ring of protection from cold (right claw)
Wands
 c - a wand of flame (10)
 d - a wand of enslavement (13)
 e - a wand of random effects (14)
Scrolls
 a - 5 scrolls of identify {unknown}
 f - a scroll of blinking {unknown}
 h - 2 scrolls of fog {unknown}
 k - a scroll of teleportation {unknown}
 l - a scroll of immolation {unknown}
 o - 2 scrolls of fear {unknown}
 p - a scroll of enchant armour {unknown}
 t - 2 scrolls of remove curse {unknown}
 u - a scroll of magic mapping {unknown}
Potions
 g - 2 potions of degeneration {unknown}
 i - 2 potions of heal wounds {unknown}
 j - a potion of brilliance {unknown}
 m - 3 potions of magic {unknown}
 n - a potion of stabbing {unknown}
 q - a potion of berserk rage {unknown}
 r - 2 potions of flight {unknown}
 w - a potion of ambrosia {unknown}


   Skills:
 + Level 2.9 Fighting
 + Level 3.5 Dodging
 - Level 0.3 Stealth
 * Level 4.5 Evocations


You had 5 spell levels left.
You didn't know any spells.
Your spell library contained the following spells:

 Spells                   Type           Power        Failure   Level
 Beastly Appendage        Tmut           #.....       30%         1
 Wereblood                Tmut           #.......     43%         2
 Spider Form              Tmut/Pois      #.........   67%         3
 Ice Form                 Ice/Tmut       #.......     97%         4
 Blade Hands              Tmut           #.........   100%        5


Dungeon Overview and Level Annotations

Branches:
Dungeon (5/15)
 Temple: D:4-7

Altars:
Trog
Uskayaw


Innate Abilities, Weirdness & Mutations

You are too large for most types of armour.
You have claws for hands.
Your natural rate of healing is unusually fast.
You are covered in fur. (AC +1)
You have extremely tough skin. (AC +3)


Message History

Evoke which item? (* to show all) (? for menu, Esc to quit)
Aiming: Random Effects
Press: ? - help, Shift-Dir - straight line, f - orc warrior
Aim: an orc warrior, wielding a +0 scimitar and wearing a +0 plate armour (heavily wounded)
The fireball explodes!
The fireball engulfs the orc warrior.
The orc warrior is heavily wounded.
You hit the orc warrior.
The orc warrior is severely wounded.
The orc warrior hits you with a +0 scimitar!
You hit the orc warrior but do no damage.
The orc warrior is severely wounded.
The orc warrior barely misses you.
You hit the orc warrior but do no damage.
The orc warrior is severely wounded.
The orc warrior hits you with a +0 scimitar!
* * * LOW HITPOINT WARNING * * *
You hit the orc warrior but do no damage.
The orc warrior is severely wounded.
The orc warrior hits you with a +0 scimitar!!
You die...

#........# #.##### ##.##
#.#.#.#### #.# ###...### #.#
#.# #........ #.# #.#####
#.#...### #.# #.#...#
#.#..## # #(######.....###
#.#.## #
#......#.......###.#.# #
#####....o.........#.#####
#.#####..#.@..............##
#.............#.#.#..#.##.##
#.#####..###....#.#..#.##.##
#........#.....#......
##...####..............
#.......#.#............
#.........##..###.†....
#..#.##.#.....###.†....
#.............##.#.....


You could see an orc warrior.

Vanquished Creatures
  A sky beast (D:5)
  2 hounds (D:4)
  3 bullfrog skeletons
  An orc priest (D:4)
  A centaur skeleton (D:4)
  A worker ant (D:5)
  A hound zombie (D:5)
  A hound skeleton (D:5)
  5 adders
  A shadow imp (D:5)
  A white imp (D:2)
  A worm (D:2)
  A dart slug (D:2)
  2 leopard geckos
  9 orcs
  A ball python (D:3)
  7 bats
  5 giant cockroaches
  5 goblins
  2 hobgoblins
  8 jackals
  6 quokkas
  8 frilled lizards
  5 kobolds
  A quokka skeleton (D:4)
  4 rats
83 creatures vanquished.

Vanquished Creatures (collateral kills)
  2 orcs (D:5)
2 creatures vanquished.

Vanquished Creatures (others)
  2 plants (D:4)
2 creatures vanquished.

Grand Total: 87 creatures vanquished

Notes
Turn   | Place    | Note
-------+----------+-------------------------------------------
     0 | D:1      | Lanoc the Troll Artificer began the quest for the Orb.
     0 | D:1      | Reached XP level 1. HP: 18/18 MP: 0/0
   117 | D:1      | Reached skill level 1 in Fighting
   161 | D:2      | Reached XP level 2. HP: 27/27 MP: 1/1
   519 | D:2      | Reached XP level 3. HP: 23/33 MP: 2/2
   880 | D:3      | Reached skill level 3 in Evocations
   928 | D:3      | Reached XP level 4. HP: 41/42 MP: 3/3
  1480 | D:4      | Reached XP level 5. HP: 45/49 MP: 4/4
  1770 | D:4      | Reached XP level 6. HP: 32/59 MP: 5/5
  1991 | D:5      | Entered Level 5 of the Dungeon
  1996 | D:5      | Found a hide-covered altar of Uskayaw.
  2014 | D:5      | Reached skill level 4 in Evocations
  2141 | D:5      | Noticed a sky beast
  2163 | D:5      | Killed a sky beast
  2215 | D:5      | Found a bloodstained altar of Trog.
  2358 | D:5      | Noticed an orc warrior
  2385 | D:5      | Got a jewelled dagger
  2386 | D:5      | Identified the +4 dagger of the Piercing Dove {vorpal,
                  | rElec rF- rC+++ rN+} (You found it on level 5 of the
                  | Dungeon)
  2402 | D:5      | Mangled by an orc warrior

Illustrated notes

Levels and vault maps discovered:
D:1:      minmay_arrival_cross, layout_loops_ring
D:2:      layout_loops_ring
D:3:      layout_rooms
D:4:      layout_loops_ring, corexii_shack
D:5:      layout_loops_ring, lightli_temple_of_fire,
          eat_drink_and_be_merry_uskayaw

Skill      XL: |  1  2  3  4  5  6 |
---------------+-------------------+-----
Dodging        | 2 3 |  3.5
Fighting       | 1 2 |  2.9
Evocations     | 3 4 |  4.5
Stealth        | |  0.3

Action                   |  1- 3 |  4- 6 || total
-------------------------+-------+-------++-------
Melee: Unarmed           |   139 |   187 ||   326
       Club              |     4 |       ||     4
       Dagger            |       |     4 ||     4
Evoke: Wand              |     1 |     7 ||     8
 Stab: Sleeping          |     2 |       ||     2
Armor: Robe              |    64 |    54 ||   118
Dodge: Dodged            |   107 |    99 ||   206

Table legend: (Time is in decaauts)
 A = Elapsed time spent in this place.
 B = Non-inter-level travel time spent in this place.
 C = Inter-level travel time spent in this place.
 D = Time resting spent in this place.
 E = Time spent auto-exploring this place.
 F = Levels seen in this place.
 G = Mean time per level.
                   A        B        C        D        E       F      G
               +--------+--------+--------+--------+--------+-----+--------+
         Total |   2400 |   2317 |     83 |      0 |   1684 |   5 |  480.0 |
       Dungeon |   2400 |   2317 |     83 |      0 |   1684 |   5 |  480.0 |
               +--------+--------+--------+--------+--------+-----+--------+

Top non-repeatable levels by time:
     D:4: 683 daAuts
     D:2: 614 daAuts
     D:3: 537 daAuts
     D:5: 410 daAuts
     D:1: 154 daAuts
